 Dungeon Crawl Stone Soup version 0.30-a0-1161-g0704695555 (webtiles) character file.

Game seed: 678461225795815073

61 qeuew the Trooper (level 3, 0/29 HPs)
             Began as a Demonspawn Chaos Knight on Apr 26, 2023.
             Was a Plaything of Xom.
             Slain by a kobold
             ... wielding the +8 mace "Neddoarch" {freeze, *Corrode rPois Str+3 Dex+3}
              (5 damage)
             ... on level 2 of the Dungeon on Apr 27, 2023.
             The game lasted 00:02:42 (1447 turns).

qeuew the Trooper (Demonspawn Chaos Knight)         Turns: 1447, Time: 00:02:43

Health: 0/29       AC:  5    Str: 14    XL:     3   Next: 83%
Magic:  3/3        EV: 11    Int: 13    God:    Xom [..*...]
Gold:   53         SH:  0    Dex: 12    Spells: 2/2 levels left

rFire   . . .        a - +0 mace (chaos)
rCold   . . .        (no shield)
rNeg    . . .        b - +2 leather armour
rPois   .            (no helmet)
rElec   .            (no cloak)
rCorr   .            (no gloves)
SInv    .            (no boots)
Will    .....        (no amulet)
Stlth   +            (no ring)
HPRegen 0.24/turn    (no ring)
MPRegen 0.16/turn

%: no passive effects
@: no status effects
A: claws 1, magic regeneration
a: Renounce Religion


You were on level 2 of the Dungeon.
You worshipped Xom.
You were a toy of Xom.
You visited 1 branch of the dungeon, and saw 2 of its levels.

You collected 53 gold pieces.

Inventory:

Hand Weapons
 a - a +0 mace of chaos (weapon)
Armour
 b - a +2 leather armour (worn)
Scrolls
 d - a scroll of identify
 i - a scroll of blinking {unknown}
Potions
 e - a potion of resistance
 f - a potion of cancellation
 g - a potion of degeneration {unknown}
 h - 2 potions of berserk rage {unknown}
Miscellaneous
 c - a piece from Xom's chessboard (15/15) (quivered)


   Skills:
 + Level 3.4 Fighting
 + Level 3.0 Maces & Flails
 + Level 2.3 Armour
 + Level 1.6 Dodging
 + Level 1.3 Evocations


You had 2 spell levels left.
You didn't know any spells.
Your spell library was empty.

Dungeon Overview and Level Annotations

Branches:
Dungeon (2/15)

Altars:
Trog

Shops:
D:1 [


Innate Abilities, Weirdness & Mutations

You have sharp fingernails.
You regenerate magic rapidly.


Message History

A kobold is nearby!
The kobold shouts!
You miss the kobold.
The kobold hits you with a +0 short sword.
You barely miss the kobold. The kobold misses you.
You sock the kobold!
You kill the kobold!
No target in view!
No target in view!
No target in view!
No target in view!
You now have 53 gold pieces (gained 11).
You see here a +0 dagger.
A bat comes into view.
A bat is nearby!
A bat is nearby!
A bat is nearby!
A kobold comes into view.
It is wielding the +8 mace "Neddoarch" {freeze, *Corrode rPois Str+3 Dex+3}.
The kobold shouts!
Found a dagger.
The bat barely misses you.
You hit the bat but do no damage.
The bat resists with some effort.
The bat hits you but does no damage. The bat barely misses you.
You hit the kobold.
The kobold is moderately wounded.
The bat hits you but does no damage.
The kobold hits you with the +8 mace "Neddoarch" {freeze, *Corrode rPois Str+3 Dex+3}.
The kobold freezes you.
You hit the bat.
You kill the bat!
The kobold closely misses you.
You closely miss the kobold.
The kobold hits you with the +8 mace "Neddoarch" {freeze, *Corrode rPois Str+3 Dex+3}.
The kobold freezes you.
The kobold hits you with the +8 mace "Neddoarch" {freeze, *Corrode rPois Str+3 Dex+3}!
* * * LOW HITPOINT WARNING * * *
A shower of butterflies erupts from you!
The kobold freezes you.
You die... "It's all fun and games until someone loses an eye."

.........# ............#
##.......#...# #
#.........#.## # #.........#.#
# #.........# # #
#.......b.#.## #
#....bK......# #
#....†@.b....# .#.# #
#..#.....b._... .#.# #####
####b#b..... ...# ....####
#..#.).... ... ###....##
##.###....> .. #.......# #..#
#...#.##.#
#<......######.##..........#
..........##...............#
........#......###...........#


You could see a kobold (ally target).

Vanquished Creatures
  2 gnolls (D:1)
  5 bats
  6 endoplasms
  5 goblins
  5 hobgoblins
  4 kobolds
  2 quokkas
  3 ball pythons
  2 frilled lizards
  5 rats
39 creatures vanquished.

Notes
Turn   | Place    | Note
-------+----------+-------------------------------------------
     0 | D:1      | qeuew the Demonspawn Chaos Knight began the quest for the
                  | Orb.
     0 | D:1      | Reached XP level 1. HP: 18/18 MP: 1/1
    66 | D:1      | Found Jownigi's Armour Boutique.
   174 | D:1      | Reached skill level 1 in Dodging
   272 | D:1      | Gained mutation: You have sharp fingernails. [demonic
                  | ancestry]
   272 | D:1      | Reached XP level 2. HP: 24/24 MP: 2/2
   276 | D:1      | Found a faded altar of an unknown god.
   319 | D:1      | Upgraded the game from 0.30-a0-1160-g6e42c06551 to
                  | 0.30-a0-1161-g0704695555
   333 | D:1      | XOM: smoke on damage
   337 | D:1      | Reached skill level 1 in Evocations
   337 | D:1      | Gained mutation: You regenerate magic rapidly. [demonic
                  | ancestry]
   337 | D:1      | Reached XP level 3. HP: 7/29 MP: 3/3
   583 | D:1      | XOM: noise
  1142 | D:2      | XOM: cast spell 'Summon Small Mammal'
  1344 | D:2      | Found a bloodstained altar of Trog.
  1344 | D:2      | XOM: 9-stop teleportation journey
  1441 | D:2      | Identified the +8 mace "Neddoarch" {freeze, *Corrode rPois
                  | Str+3 Dex+3}
  1447 | D:2      | XOM: butterfly on damage
  1447 | D:2      | Slain by a kobold

Illustrated notes

Levels and vault maps discovered:
D:1:      lightli_arrival_flooded_house, layout_basic, serial_shops, shop,
          hellmonk_ecumenical_altar_lost_god, st_stairs_8
D:2:      layout_rooms, basic_altar, minmay_misc_feat_hallway

Skill      XL: |  1  2  3 |
---------------+----------+-----
Dodging        | 1 |  1.6
Armour         | 2 |  2.3
Evocations     | 1 |  1.3
Maces & Flails | 3 |  3.0
Fighting       | |  3.4

Action                     || total
---------------------------++-------
  Melee: Mace              ||   111
    Use: Scroll            ||     3
         Potion            ||     2
   Stab: Sleeping          ||     2
         Petrified         ||     3
 Armour: Leather armour    ||    45
  Dodge: Dodged            ||    79

Table legend: (Time is in decaauts)
 A = Elapsed time spent in this place.
 B = Non-inter-level travel time spent in this place.
 C = Inter-level travel time spent in this place.
 D = Time resting spent in this place.
 E = Time spent auto-exploring this place.
 F = Levels seen in this place.
 G = Mean time per level.
                   A        B        C        D        E       F      G
               +--------+--------+--------+--------+--------+-----+--------+
         Total |   1475 |   1441 |     34 |      0 |   1177 |   2 |  737.5 |
       Dungeon |   1475 |   1441 |     34 |      0 |   1177 |   2 |  737.5 |
               +--------+--------+--------+--------+--------+-----+--------+

Top non-repeatable levels by time:
     D:1: 1059 daAuts
     D:2: 416 daAuts
